 Dungeon Crawl Stone Soup version 0.23.2-1-ga50397a (webtiles) character file.

Game seed: 17879032328743964010

37 TrebMcFLY the Covered (level 3, -5/33 HPs)
             Began as a Minotaur Fighter on May 29, 2019.
             Killed by nerve-wracking pain
             ... invoked by Jessica
              (7 damage)
             ... on level 2 of the Dungeon.
             The game lasted 00:02:12 (807 turns).

TrebMcFLY the Covered (Minotaur Fighter)             Turns: 807, Time: 00:02:13

Health: -5/33      AC:  7    Str: 21    XL:     3   Next: 23%
Magic:  2/2        EV:  7    Int:  5    God:
Gold:   4          SH:  9    Dex:  9    Spells: 2/2 levels left

rFire    . . .     SeeInvis .   a - +0 war axe
rCold    . . .     Gourm    .   c - +0 shield
rNeg     . . .     Faith    .   b - +0 scale mail
rPois    .         Spirit   .   (helmet restricted)
rElec    .         Reflect  .   (no cloak)
rCorr    .         Harm     .   (no gloves)
MR       .....                  (no boots)
Stlth    ..........             (no amulet)
HPRegen  0.11/turn              (no ring)
MPRegen  0.08/turn              (no ring)

@: slowed, very slow
A: retaliatory headbutt, horns 2
a: no special abilities


You were on level 2 of the Dungeon.
You were not hungry.

You visited 1 branch of the dungeon, and saw 2 of its levels.

You collected 4 gold pieces.

Inventory:

Hand Weapons
 a - a +0 war axe (weapon)
Armour
 b - a +0 scale mail (worn)
 c - a +0 shield (worn)
Scrolls
 h - a scroll of magic mapping {unknown}
 i - a scroll of identify {unknown}
 j - a scroll of amnesia {unknown}
 k - a scroll of remove curse {unknown}
 l - a scroll of teleportation {unknown}
 m - a scroll of blinking {unknown}
Potions
 d - a potion of might
 e - a potion of mutation {unknown}
Comestibles
 f - a ration
 g - a chunk of flesh


   Skills:
 + Level 4.0 Fighting
 * Level 3.3 Axes
 + Level 4.0 Armour
 + Level 0.9 Dodging
 + Level 3.9 Shields


You had 2 spell levels left.
You didn't know any spells.
Your spell library was empty.

Dungeon Overview and Level Annotations

Branches:
Dungeon (2/15)

Altars:

Annotations:
D:2 Jessica


Innate Abilities, Weirdness & Mutations

You reflexively headbutt those who attack you in melee.
You have a pair of horns on your head.


Message History

Jessica gestures at you while chanting. Pain shoots through your body!
Jessica gestures wildly while chanting.
Jessica blinks!
Jessica gestures wildly while chanting.
Jessica blinks!
You closely miss Jessica. You headbutt Jessica, but do no damage.
Jessica is almost dead.
Jessica casts a spell at you. Pain shoots through your body!
Jessica casts a spell.
Jessica blinks!
Jessica casts a spell.
Jessica blinks!
Jessica points at you and mumbles some strange words.
Pain shoots through your body!
* * * LOW HITPOINT WARNING * * *
Jessica casts a spell at you. Pain shoots through your body!
You die...

... #. .# ..##.##.#
..# .......##..#
.....[... ##.......
#...##.# #
###.@.#..## .#
#.#.....@...#..##..
#..........<.......
#.....ยง.....##....#
#.###...#.#.# #.#
#...#.#...
#.#...##### ...#####
####


You could see Jessica.

Vanquished Creatures
  An ooze (D:1)
  A dart slug (D:1)
  A ball python (D:1)
  A giant cockroach (D:1)
  7 goblins (D:1)
  6 hobgoblins (D:1)
  2 jackals (D:1)
  2 frilled lizards (D:1)
  4 kobolds (D:1)
  A rat (D:1)
26 creatures vanquished.

Notes
Turn   | Place    | Note
-------+----------+-------------------------------------------
     0 | D:1      | TrebMcFLY the Minotaur Fighter began the quest for the Orb.
     0 | D:1      | Reached XP level 1. HP: 19/19 MP: 0/0
     2 | D:1      | Noticed a tengu
     2 | D:1      | Noticed a centaur
     4 | D:1      | Noticed a halfling
     4 | D:1      | Noticed an elf
     6 | D:1      | Noticed an octopode
     6 | D:1      | Noticed a ghoul
     8 | D:1      | Noticed an ogre
    10 | D:1      | Noticed a draconian
    10 | D:1      | Noticed a vine stalker
    12 | D:1      | Noticed a naga
    12 | D:1      | Noticed a minotaur
    14 | D:1      | Noticed a merfolk
    14 | D:1      | Noticed a formicid
    16 | D:1      | Noticed a human
    16 | D:1      | Noticed a spriggan
    18 | D:1      | Noticed a gargoyle
    18 | D:1      | Noticed a felid
    20 | D:1      | Noticed a demigod
    20 | D:1      | Noticed a vampire
    22 | D:1      | Noticed a demonspawn
    24 | D:1      | Noticed a dwarf
    26 | D:1      | Noticed a troll
    99 | D:1      | Reached XP level 2. HP: 23/27 MP: 1/1
   453 | D:1      | Reached XP level 3. HP: 33/33 MP: 2/2
   791 | D:2      | Noticed Jessica
   807 | D:2      | Killed from afar by Jessica

Skill      XL: |  1  2  3 |
---------------+----------+-----
Axes           | 3 |  3.3
Armour         | 4 |  4.0
Fighting       | 4 |  4.0
Dodging        | |  0.9
Shields        | |  3.9

Action                   || total
-------------------------++-------
Melee: War axe           ||    66
       Headbutt          ||    10
Armor: Scale mail        ||    25
Dodge: Dodged            ||    17
Block: Shield            ||    35
